 Dungeon Crawl Stone Soup version 0.29.1-15-g9cfb28693d (webtiles) character file.

Game seed: 3345361209241384928

13895 LLlMATKO the Fighter (level 11, -3/108 HPs)
             Began as a Minotaur Berserker on Apr 7, 2023.
             Was a Priest of Trog.
             Succumbed to Maurice's poison
             ... on level 11 of the Dungeon.
             The game lasted 00:16:24 (11708 turns).

LLlMATKO the Fighter (Minotaur Berserker)          Turns: 11708, Time: 00:16:25

Health: -3/108     AC: 21    Str: 31 (32) XL:     11   Next: 81%
Magic:  10/10      EV: 11    Int:  1 (4)  God:    Trog [***...]
Gold:   341        SH:  0    Dex:  7 (10) Spells: 10/10 levels left

rFire   . . .      SeeInvis .   q - +0 war axe
rCold   . . .      Faith    .   (no shield)
rNeg    . . .      Spirit   .   K - +3 chain mail
rPois   .          Reflect  .   (helmet restricted)
rElec   .          Harm     .   (no cloak)
rCorr   .          Rampage  .   k - +0 pair of gloves
Will    .....                   A - +0 pair of boots
Stlth   ..........              B - amulet of the acrobat
HPRegen 0.28/turn               t - +6 ring of strength
MPRegen 0.12/turn               z - +4 ring of protection

@: lethally poisoned (-3 -> -26), on berserk cooldown, studying Fighting
A: horns 2, retaliatory headbutt
a: Renounce Religion, Berserk, Trog's Hand


You were on level 11 of the Dungeon.
You worshipped Trog.
Trog was most pleased with you.
You visited 1 branch of the dungeon, and saw 11 of its levels.

You collected 559 gold pieces.
You spent 218 gold pieces at shops.

Inventory:

Hand Weapons
 q - a +0 war axe (weapon)
Missiles
 b - 6 boomerangs (quivered)
 l - 30 poisoned darts
 S - 3 atropa-tipped darts
Armour
 k - a +0 pair of gloves (worn)
 A - a +0 pair of boots (worn)
 K - a +3 chain mail (worn)
 O - a +0 tower shield
 T - a +0 plate armour
Jewellery
 c - a ring of resist corrosion
 t - a +6 ring of strength (left hand)
 z - a +4 ring of protection (right hand)
 B - an amulet of the acrobat (around neck)
 H - a ring of ice
Wands
 y - a wand of acid (4)
 G - a wand of flame (6)
 J - a wand of roots (14)
 L - a wand of paralysis (12)
Scrolls
 f - 2 scrolls of enchant weapon {unknown}
 h - 2 scrolls of silence {unknown}
 j - 3 scrolls of identify {unknown}
 o - 2 scrolls of summoning {unknown}
 p - 7 scrolls of poison {unknown}
 u - 4 scrolls of teleportation {unknown}
 x - a scroll of vulnerability {unknown}
 D - 2 scrolls of blinking {unknown}
 F - 4 scrolls of fear {unknown}
 I - 3 scrolls of enchant armour {unknown}
 M - 2 scrolls of butterflies {unknown}
 P - a scroll of noise {unknown}
Potions
 a - 5 potions of degeneration
 d - a potion of heal wounds {unknown}
 e - 8 potions of curing {unknown}
 g - 4 potions of lignification {unknown}
 i - 2 potions of ambrosia {unknown}
 m - 5 potions of haste {unknown}
 n - a potion of flight {unknown}
 r - 2 potions of berserk rage {unknown}
 s - 3 potions of brilliance {unknown}
 v - 2 potions of attraction {unknown}
 E - a potion of magic {unknown}
 N - a potion of resistance {unknown}
 Q - a potion of cancellation {unknown}
 R - a potion of mutation {unknown}


   Skills:
 + Level 13.6 Fighting
 + Level 11.1 Axes
 + Level 8.6 Ranged Weapons
 + Level 10.9 Armour
 + Level 9.9 Dodging


You had 10 spell levels left.
You didn't know any spells.
Your spell library was empty.

Dungeon Overview and Level Annotations

Branches:
Dungeon (11/15)            Temple (0/1) D:5            Lair (0/5) D:11
    Orc: D:9-12

Altars:
Ashenzari
Dithmenos
Elyvilon
Hepliaklqana
Makhleb
Sif Muna
Trog
Zin
The Shining One

Shops:
D:4 (   D:6 [

Annotations:
D:9 2 runed translucent doors
D:11 Maurice


Innate Abilities, Weirdness & Mutations

You have a pair of horns on your head.
You reflexively headbutt those who attack you in melee.


Message History

A bolt appears from out of thin air!
The bolt hits your ogre!
You feel sick.
You stop sporulating.
Your +0 war axe unmelds from your body.
Your +0 pair of gloves unmelds from your body.
Your +0 pair of boots unmelds from your body.
Your +3 chain mail unmelds from your body.
You feel the effects of Trog's Hand fading.
You feel sick.
You hear a thunk.
A bolt appears from out of thin air!
The bolt hits you!
You are more poisoned.
You hear a thunk.
A bolt appears from out of thin air!
The bolt barely misses your ogre. The bolt hits you!
You are more poisoned.
You feel extremely sick.
You hear a thunk.
A bolt appears from out of thin air!
The bolt barely misses you.
You feel yourself speed up.
You feel extremely sick.
You hear a thunk.
A bolt appears from out of thin air!
The bolt hits you but does no damage.
You are more poisoned.
You hear a thunk.
A bolt appears from out of thin air!
The bolt hits you.
* * * LOW HITPOINT WARNING * * *
You are lethally poisoned!
Your skin stops crawling.
You feel less strong-willed.
* * * LOW HITPOINT WARNING * * *
You feel extremely sick.
* * * LOW HITPOINT WARNING * * *
You feel extremely sick.
Your ogre rages.
You hear a thunk.
A bolt appears from out of thin air!
The bolt barely misses you.
It was a potion of degeneration.
There was something very wrong with that liquid.
You feel weakened.
You feel dopey.
You feel clumsy.
You die...

#......#...# #......#...#
#......#...# ####
##########......#...# ..>#
#...............#...# ...#
#...............#...# ...#
#...............#...# ...#
#........O......#...# ...#
#....#...@#######.. #..#
######............. #..#
................. #..#
................. #..#
....#.....############
#..##########................#
#..#...#....#................#
#......#....#................#
#......#....########.........#


You could see a friendly ogre (summoned, berserk, very poisoned).

Vanquished Creatures
  2 two-headed ogres
  The ghost of jombi the Transmogrifier, a novice OpTm of Ignis (D:8)
  A sun demon (D:10)
  An unseen horror (D:11)
  A red devil (D:10)
  2 kobold demonologists (D:8)
  A hellwing (D:10)
  2 trolls
  2 hornets (D:8)
  Prince Ribbit (D:6)
  Grinder (D:3)
  2 wraiths
  A vampire (D:11)
  A shadow (D:7)
  A wyvern (D:7)
  17 yaks
  Eustachio (D:5)
  3 steam dragons
  4 vampire mosquitoes (D:10)
  Menkaure (D:6)
  Edmund (D:6)
  An acid dragon (D:11)
  A water moccasin (D:8)
  Duvessa (D:6)
  An ice beast (D:7)
  9 sky beasts
  An orc warrior (D:9)
  2 black bears
  An ogre (D:6)
  The ghost of gargbit the Trooper, an amateur DsHu (D:3)
  5 centaurs
  A phantom (D:7)
  4 bullfrogs
  A wyvern zombie (D:3)
  A scorpion (D:6)
  13 wights
  Dowan (D:6)
  9 killer bees
  A bullfrog zombie (D:3)
  3 quasits (D:10)
  2 jellies
  An orc priest (D:9)
  A hound (D:7)
  Ijyb (D:3)
  2 iguanas
  4 orc wizards
  Robin (D:2)
  7 gnolls
  A howler monkey skeleton (D:3)
  12 adders
  A shadow imp (D:7)
  2 white imps (D:7)
  An ufetubus (D:7)
  3 worms
  4 dart slugs
  29 orcs
  6 ball pythons
  10 endoplasms
  3 giant cockroaches
  13 hobgoblins
  2 jackals (D:3)
  A quokka (D:4)
  8 bats
  6 frilled lizards
  18 goblins
  15 kobolds
  7 rats
265 creatures vanquished.

Vanquished Creatures (collateral kills)
  A cyclops (D:8)
1 creature vanquished.

Vanquished Creatures (others)
  A jackal (D:3)
  6 plants (D:1)
7 creatures vanquished.

Grand Total: 273 creatures vanquished

Notes
Turn   | Place    | Note
-------+----------+-------------------------------------------
     0 | D:1      | LLlMATKO the Minotaur Berserker began the quest for the
                  | Orb.
     0 | D:1      | Reached XP level 1. HP: 19/19 MP: 0/0
   402 | D:1      | Reached XP level 2. HP: 27/27 MP: 1/1
   495 | D:1      | Found a faded altar of an unknown god.
   930 | D:1      | Reached skill level 4 in Fighting
  1037 | D:1      | Reached XP level 3. HP: 33/33 MP: 2/2
  1466 | D:2      | Reached ** piety under Trog
  1530 | D:2      | Reached XP level 4. HP: 41/41 MP: 3/3
  1771 | D:2      | Noticed Robin
  1783 | D:2      | Killed Robin
  2023 | D:2      | Found a broken altar of Ashenzari.
  2511 | D:3      | Reached XP level 5. HP: 42/47 MP: 4/4
  2596 | D:3      | Noticed Grinder
  2631 | D:3      | Found a runed translucent gate.
  2631 | D:3      | Found a runed translucent gate.
  2631 | D:3      | Found a runed translucent gate.
  2636 | D:3      | Noticed gargbit's ghost (amateur DsHu)
  2977 | D:3      | Found a shadowy altar of Dithmenos.
  3189 | D:3      | Paralysed by Grinder for 5 turns
  3195 | D:3      | Killed Grinder
  3196 | D:3      | Reached skill level 5 in Fighting
  3196 | D:3      | Reached skill level 5 in Axes
  3196 | D:3      | Reached XP level 6. HP: 55/56 MP: 5/5
  3200 | D:3      | Noticed Ijyb
  3206 | D:3      | Killed Ijyb
  3773 | D:3      | Killed gargbit's ghost
  3774 | D:3      | Reached skill level 5 in Armour
  3774 | D:3      | Reached XP level 7. HP: 62/62 MP: 6/6
  3934 | D:4      | Reached *** piety under Trog
  3937 | D:4      | Found a white marble altar of Elyvilon.
  4156 | D:4      | Found Woemout's Antique Weapon Boutique.
  4161 | D:4      | Bought a shimmering arbalest for 218 gold pieces
  4161 | D:4      | Identified the +9 arbalest of Crystal {venom, Stlth+} (You
                  | bought it in a shop on level 4 of the Dungeon)
  4265 | D:4      | Reached skill level 6 in Fighting
  4498 | D:5      | Entered Level 5 of the Dungeon
  4511 | D:5      | Noticed Eustachio
  4589 | D:5      | Killed Eustachio
  4590 | D:5      | Reached skill level 1 in Ranged Weapons
  4590 | D:5      | Reached skill level 5 in Dodging
  4743 | D:5      | Identified the +1 plate armour "Ukem" {Will- Regen+ Str+9
                  | Int-5}
  4893 | D:5      | Found a staircase to the Ecumenical Temple.
  5174 | D:5      | Found a burning altar of Makhleb.
  5263 | D:6      | Found a shimmering blue altar of Sif Muna.
  5265 | D:6      | Identified the +1 leather armour of Chimes {Fly Str+2}
  5285 | D:6      | Reached XP level 8. HP: 55/71 MP: 7/7
  5410 | D:6      | Found a glowing silver altar of Zin.
  5477 | D:6      | Found Naneiho's Armour Boutique.
  5478 | D:6      | Noticed Menkaure
  5478 | D:6      | Noticed Prince Ribbit
  5495 | D:6      | Killed Prince Ribbit
  5496 | D:6      | Reached skill level 7 in Fighting
  5530 | D:6      | Killed Menkaure
  5718 | D:6      | Noticed Edmund
  5721 | D:6      | Killed Edmund
  5937 | D:6      | Reached XP level 9. HP: 46/79 MP: 8/8
  6098 | D:6      | Noticed Duvessa
  6098 | D:6      | Noticed Dowan
  6100 | D:6      | Killed Duvessa
  6103 | D:6      | Killed Dowan
  6745 | D:7      | Reached **** piety under Trog
  6767 | D:7      | Reached skill level 8 in Fighting
  6851 | D:7      | Reached skill level 5 in Ranged Weapons
  6853 | D:7      | Reached skill level 9 in Fighting
  7005 | D:7      | You fall into a shaft and drop 1 floor!
  7015 | D:8      | Noticed a kobold demonologist
  7019 | D:8      | Noticed a kobold demonologist
  7020 | D:8      | Killed a kobold demonologist
  7023 | D:8      | Noticed an ice devil
  7026 | D:8      | Killed a kobold demonologist
  7263 | D:7      | Reached XP level 10. HP: 93/93 MP: 9/9
  7267 | D:7      | Reached skill level 10 in Fighting
  7926 | D:8      | Found a runed translucent door.
  7927 | D:8      | Noticed jombi's ghost (novice OpTm)
  7927 | D:8      | Noticed a cyclops
  8196 | D:8      | Reached skill level 11 in Fighting
  8440 | D:8      | Killed jombi's ghost
  8443 | D:8      | Killed a cyclops
  8626 | D:9      | Reached skill level 10 in Axes
  8913 | D:9      | Found a glowing golden altar of the Shining One.
  8971 | D:9      | Found a runed translucent door.
  9078 | D:9      | Found a runed translucent door.
  9087 | D:9      | Noticed a two-headed ogre
  9098 | D:9      | Killed a two-headed ogre
  9099 | D:9      | Reached skill level 12 in Fighting
  9099 | D:9      | Reached XP level 11. HP: 25/104 MP: 10/10
  9471 | D:9      | Reached skill level 10 in Armour
  9666 | D:9      | Found a bloodstained altar of Trog.
  9957 | D:10     | Entered Level 10 of the Dungeon
 10064 | D:10     | Found a hazy altar of Hepliaklqana.
 10441 | D:10     | Noticed a sun demon
 10449 | D:10     | Killed a sun demon
 10450 | D:10     | Reached skill level 13 in Fighting
 11134 | D:11     | Noticed a two-headed ogre
 11139 | D:11     | Killed a two-headed ogre
 11394 | D:11     | Found a staircase to the Lair.
 11397 | D:11     | Identified the +0 leather armour of Geank {rN+ Will+}
 11664 | D:11     | Noticed Maurice
 11707 | D:11     | HP: 2/108 [poisoned by Maurice]
 11708 | D:11     | Succumbed to Maurice's poison

Illustrated notes

Levels and vault maps discovered:
D:1:      co_arrival_random_square_maze, layout_basic, serial_bayou,
          serial_bayou_ford_a, serial_bayou_shore_a, serial_bayou_lagoon_a,
          serial_bayou_pond_a, serial_bayou_pond_e,
          shapermc_ecumenical_altar_mp_ritualfount
D:2:      layout_basic, basic_altar, uniq_robin
D:3:      kennysheep_goblin_castle, layout_loops_corners,
          nicolae_dithmenos_through_a_glass_darkly, gammafunk_ghost_necromancy,
          uniq_grinder
D:4:      layout_loops_ring, elyvilon_altar_1, serial_shops, shop
D:5:      layout_cave_pools, mainiacjoe_overflow_surrounded_room, uniq_eustachio
D:6:      layout_basic, mainiacjoe_overflow_small_starburst,
          mainiacjoe_overflow_alcove_4, serial_shops, nicolae_shop_statue_plus,
          nicolae_hexahallways, minmay_manual_mares, uniq_edmund, uniq_menkaure,
          uniq_duvessa, uniq_prince_ribbit1
D:7:      layout_rooms, nzn_random_ring
D:8:      layout_loops_ring, ebering_ghost_inner_flame, serial_rivers,
          chequers_serial_rivers_micro_c, chequers_serial_rivers_large_a,
          chequers_serial_rivers_micro_e, chequers_serial_rivers_marsh
D:9:      cheibrodos_histonic, layout_loops_ring, lemuel_tele_altar,
          mainiacjoe_overflow_alcove_1
D:10:     layout_roguey, mainiacjoe_overflow_catwalk, serial_demonic,
          serial_demonic_e, serial_demonic_a, serial_demonic_g, serial_demonic_f
D:11:     layout_grid_maze, lair_entry_dummy, nicolae_trove_entry_crystal,
          uniq_maurice

Skill      XL: |  1  2  3  4  5  6  7  8  9 10 11 |
---------------+----------------------------------+-----
Axes           | 4 5 6 7 8 10 11 | 11.1
Fighting       | 4 5 6 7 9 12 13 | 13.6
Armour         | 3 4 5 7 8 9 10 | 10.9
Dodging        | 3 4 5 6 7 8 9 |  9.9
Ranged Weapons | 2 4 5 7 8 |  8.6

Action                   |  1- 3 |  4- 6 |  7- 9 | 10-12 || total
-------------------------+-------+-------+-------+-------++-------
Melee: Hand axe          |    79 |   111 |     5 |       ||   195
       Headbutt          |    14 |    20 |     5 |    12 ||    51
       Unarmed           |       |     1 |       |       ||     1
       War axe           |       |       |    44 |    53 ||    97
       Punch             |       |       |       |     2 ||     2
 Fire: Arbalest          |       |       |   113 |   200 ||   313
Throw: Boomerang         |       |     2 |       |       ||     2
Invok: Berserk           |     1 |     4 |     3 |     3 ||    11
       Trog's Hand       |       |     2 |       |     2 ||     4
       Brothers in Arms  |       |       |       |     2 ||     2
  Use: Scroll            |       |       |     1 |       ||     1
       Potion            |       |       |       |     1 ||     1
Armor: Animal skin       |     4 |       |       |       ||     4
       Chain mail        |    33 |    47 |    61 |   135 ||   276
       Skin              |       |     9 |       |     2 ||    11
Dodge: Dodged            |    36 |    66 |    76 |   166 ||   344
